 Dungeon Sprint DCSS version 0.27-a0-773-gaaee5cf45b (webtiles) character file.

Game seed: 14506451718405708583

11250 mhtbhm the Bludgeoner (level 11, -10/127 HPs)
             Began as a Troll Berserker on Mar 26, 2021.
             Was the Champion of Trog.
             Mangled by an orc knight
             ... wielding a +0 long sword
              (30 damage)
             ... in the Dungeon (Sprint IX: "|||||||||||||||||||||||||||||").
             The game lasted 00:02:53 (1091 turns).

mhtbhm the Bludgeoner (Troll Berserker)             Turns: 1091, Time: 00:02:53

Health: -10/127    AC:  5    Str: 36    XL:     11   Next: 46%
Magic:  10/10      EV: 13    Int:  3    God:    Trog [******]
Gold:   673        SH:  0    Dex:  9    Spells: 10/10 levels left

rFire    . . .     SeeInvis .   a - +5 giant spiked club (vorpal)
rCold    . . .     Faith    .   (shield currently unavailable)
rNeg     . . .     Spirit   .   b - +0 animal skin
rPois    .         Reflect  .   (helmet restricted)
rElec    .         Harm     .   k - +0 cloak
rCorr    .         Rampage  .   (gloves unavailable)
Will     .....     NoTele   +   (boots unavailable)
Stlth    +.........             (no amulet)
HPRegen  1.31/turn              l - +3 ring of strength
MPRegen  0.12/turn              m - +3 ring of strength

@: berserk cooldown, slowed, very slow
A: large, unfitting armour, claws 3, regeneration 1, shaggy fur 1, tough skin 1
a: Renounce Religion, Berserk, Trog's Hand, Brothers in Arms


You were in the Dungeon.
You worshipped Trog.
Trog was exalted by your worship.
You visited 1 branch You collected 673 gold pieces.

Inventory:

Hand Weapons
 a - a +5 vorpal giant spiked club (weapon)
Armour
 b - a +0 animal skin (worn)
 k - a +0 cloak (worn)
Jewellery
 l - a +3 ring of strength (right claw)
 m - a +3 ring of strength (left claw)
Wands
 j - a wand of acid (9)
Scrolls
 h - 3 scrolls of blinking
 o - a scroll of identify
 p - 2 scrolls of fog
 q - 2 scrolls of enchant weapon
 r - a scroll of fear
 s - 2 scrolls of enchant armour
Potions
 c - 7 potions of curing
 d - 3 potions of heal wounds
 e - a potion of haste
 f - 4 potions of magic
 g - a potion of berserk rage
 i - a potion of invisibility
 n - 2 potions of mutation


   Skills:
 + Level 13.3 Fighting
 + Level 17.2 Maces & Flails
 + Level 11.9 Dodging
 + Level 1.5 Stealth
 + Level 0.5 Evocations


You had 10 spell levels left.
You didn't know any spells.
Your spell library was empty.

Dungeon Overview and Level Annotations

Branches:
Dungeon (1/1)

Altars:
Cheibriados
Dithmenos
Elyvilon
Fedhas
Gozag
Hepliaklqana
Kikubaaqudgha
Makhleb
Nemelex Xobeh
Okawaru
Qazlal
Ru
Sif Muna
Trog
Uskayaw
Vehumet
Wu Jian
Xom
Yredelemnul
Zin
The Shining One
Beogh
Jiyva
Lugonu


Innate Abilities, Weirdness & Mutations

You are too large for most types of armour.
You have claws for hands.
Your natural rate of healing is unusually fast.
You are covered in fur. (AC +1)
You have tough skin. (AC +1)


Message History

You kill the orc warrior!
Trog accepts your kill.
You are no longer berserk.
You are exhausted.
You feel yourself slow down.
The orc warrior hits you with a +0 hand axe!
Items here: $ ) [ †.
You bludgeon the orc warrior!!
You kill the orc warrior!
Trog accepts your kill.
You flatten the orc warrior like a pancake!!!
You kill the orc warrior!
Trog accepts your kill. The orc warrior barely misses you.
An orc warrior comes into view. It is wielding a +0 short sword.
The orc warrior shouts!
The orc warrior hits you from afar with a +0 halberd!!
An orc knight comes into view. It is wielding a +0 war axe.
The orc knight barely misses you.
Items here: $ )) [[ †.
You closely miss the orc knight.
The orc warrior hits you from afar with a +0 halberd.
The orc knight hits you with a +0 long sword!
The orc priest miscasts a cantrip.
The orc priest looks satisfied for a moment.
The orc knight hits you with a +0 long sword!
The orc warrior completely misses you.
You are too injured to fight recklessly!
You are too injured to fight recklessly!
Your stone giant goes berserk!
The orc warrior barely misses you.
The orc knight roars a battlecry!
The orc knight goes into a battle-frenzy!
The orc knight hits you with a +0 long sword!!
* * * LOW HITPOINT WARNING * * *
Unknown command.
Unknown command.
Your stone giant rages.
The orc knight hits you with a +0 long sword!!
You die...

..'________________________'.?).[
▓▓▓▓▓▓▓▓▓▓▓▓▓▓▓▓▓▓▓▓▓▓▓▓▓▓▓▓▓▓▓▓▓
.................................
▓▓▓▓▓▓▓▓▓▓▓▓▓▓▓▓▓▓▓▓▓▓▓▓▓▓▓▓▓▓▓▓▓
)......)††.......')†.......)†††.†
▓▓▓▓▓▓▓▓▓▓▓▓▓▓▓▓▓▓▓▓▓▓▓▓▓▓▓▓▓▓▓▓▓
.............................))..
▓▓▓▓▓▓▓▓▓▓▓▓▓▓▓▓▓▓▓▓▓▓▓▓▓▓▓▓▓▓▓▓▓
)))))))).....')C@ooo.oooo
▓▓▓▓▓▓▓▓▓▓▓▓▓▓▓▓▓▓▓▓▓▓▓▓▓


You could see 2 orc knights, 2 orc warriors, 2 orc priests and a friendly stone
giant (summoned, berserk).

Vanquished Creatures
  Josephine (D)
  2 hydras (D)
  A centaur warrior (D)
  A two-headed ogre (D)
  3 lindwurms (D)
  A deep elf pyromancer (D)
  2 elephants (D)
  A black mamba (D)
  A cane toad (D)
  2 komodo dragons (D)
  A troll (D)
  3 tyrant leeches (D)
  6 wraiths (D)
  5 yaks (D)
  A basilisk (D)
  An acid dragon (D)
  A water moccasin (D)
  8 orc warriors (D)
  An ogre (D)
  2 centaurs (D)
  3 bullfrogs (D)
  A scorpion (D)
  A killer bee (D)
  A howler monkey (D)
  An orc priest (D)
  A jelly (D)
  2 orc wizards (D)
  2 worms (D)
  7 orcs (D)
  A ball python (D)
  A bat zombie (D)
  2 endoplasms (D)
  A goblin (D)
  A jackal (D)
  A jackal zombie (D)
70 creatures vanquished.

Vanquished Creatures (others)
  An unseen horror (D)
1 creature vanquished.

Grand Total: 71 creatures vanquished

Notes
Turn   | Place    | Note
-------+----------+-------------------------------------------
     0 | D        | mhtbhm the Troll Berserker began the quest for the Orb.
     0 | D        | Reached XP level 1. HP: 22/22 MP: 0/0
     9 | D        | Reached skill level 3 in Maces & Flails
     9 | D        | Reached ** piety under Trog
    32 | D        | Noticed a howler monkey
    32 | D        | Noticed an ogre
    32 | D        | Noticed a jelly
    32 | D        | Noticed a scorpion
    35 | D        | Killed a howler monkey
    36 | D        | Reached skill level 4 in Maces & Flails
    36 | D        | Reached XP level 2. HP: 32/32 MP: 1/1
    36 | D        | Reached XP level 3. HP: 39/39 MP: 2/2
    41 | D        | Killed an ogre
    41 | D        | Reached *** piety under Trog
    42 | D        | Reached skill level 5 in Fighting
    42 | D        | Reached skill level 6 in Maces & Flails
    42 | D        | Reached XP level 4. HP: 50/50 MP: 3/3
    43 | D        | Reached skill level 5 in Dodging
    43 | D        | Reached XP level 5. HP: 57/57 MP: 4/4
    46 | D        | Reached skill level 7 in Maces & Flails
   101 | D        | Found a snail-covered altar of Cheibriados.
   101 | D        | Found a shadowy altar of Dithmenos.
   101 | D        | Found a white marble altar of Elyvilon.
   101 | D        | Found a blossoming altar of Fedhas.
   101 | D        | Found an opulent altar of Gozag.
   102 | D        | Found a hazy altar of Hepliaklqana.
   103 | D        | Found a viscous altar of Jiyva.
   104 | D        | Found an ancient bone altar of Kikubaaqudgha.
   105 | D        | Found a corrupted altar of Lugonu.
   106 | D        | Found a burning altar of Makhleb.
   107 | D        | Found a sparkling altar of Nemelex Xobeh.
   108 | D        | Found an iron altar of Okawaru.
   109 | D        | Found a stormy altar of Qazlal.
   110 | D        | Found a sacrificial altar of Ru.
   113 | D        | Found a shimmering blue altar of Sif Muna.
   114 | D        | Found a bloodstained altar of Trog.
   115 | D        | Found a hide-covered altar of Uskayaw.
   116 | D        | Found a radiant altar of Vehumet.
   117 | D        | Found an ornate altar of the Wu Jian Council.
   118 | D        | Found a shimmering altar of Xom.
   119 | D        | Found a basalt altar of Yredelemnul.
   120 | D        | Found a glowing silver altar of Zin.
   121 | D        | Found a glowing golden altar of the Shining One.
   156 | D        | Noticed a troll
   156 | D        | Noticed a centaur
   156 | D        | Noticed a wraith
   156 | D        | Noticed a centaur
   159 | D        | Killed a troll
   159 | D        | Reached **** piety under Trog
   160 | D        | Reached skill level 9 in Maces & Flails
   160 | D        | Reached XP level 6. HP: 66/71 MP: 5/5
   173 | D        | Reached XP level 7. HP: 58/78 MP: 6/6
   176 | D        | Killed a wraith
   177 | D        | Reached skill level 10 in Maces & Flails
   179 | D        | Reached ***** piety under Trog
   233 | D        | Noticed a deep elf pyromancer
   233 | D        | Noticed a two-headed ogre
   233 | D        | Noticed a wraith
   233 | D        | Noticed a centaur warrior
   236 | D        | Killed a deep elf pyromancer
   236 | D        | Received a gift from Trog
   237 | D        | Reached skill level 11 in Maces & Flails
   237 | D        | Reached XP level 8. HP: 91/91 MP: 7/7
   239 | D        | Killed a two-headed ogre
   240 | D        | Reached skill level 12 in Maces & Flails
   247 | D        | Killed a centaur warrior
   248 | D        | Reached skill level 10 in Fighting
   248 | D        | Reached XP level 9. HP: 97/101 MP: 8/8
   253 | D        | Killed an unseen horror
   254 | D        | Reached skill level 13 in Maces & Flails
   254 | D        | Reached skill level 10 in Dodging
   508 | D        | Noticed a komodo dragon
   508 | D        | Noticed a five-headed hydra
   508 | D        | Noticed an eight-headed hydra
   508 | D        | Noticed a komodo dragon
   517 | D        | Killed a komodo dragon
   521 | D        | Killed a five-headed hydra
   522 | D        | Reached skill level 14 in Maces & Flails
   523 | D        | Noticed an elephant
   526 | D        | Killed an eight-headed hydra
   527 | D        | Reached XP level 10. HP: 74/114 MP: 9/9
   584 | D        | Received a gift from Trog
   591 | D        | Reached skill level 1 in Stealth
   595 | D        | Killed an elephant
   640 | D        | Noticed a cane toad
   640 | D        | Noticed an elephant
   643 | D        | Noticed a black mamba
   645 | D        | Killed a cane toad
   646 | D        | Reached skill level 15 in Maces & Flails
   653 | D        | Reached ****** piety under Trog
   655 | D        | Received a gift from Trog
   658 | D        | Killed an elephant
   662 | D        | Killed a black mamba
   706 | D        | Noticed a lindwurm
   710 | D        | Noticed a lindwurm
   712 | D        | Received a gift from Trog
   716 | D        | Reached XP level 11. HP: 124/124 MP: 10/10
   716 | D        | Noticed a lindwurm
   718 | D        | Killed a lindwurm
   719 | D        | Reached skill level 16 in Maces & Flails
   724 | D        | Killed a lindwurm
   728 | D        | Killed a lindwurm
   796 | D        | Noticed Josephine
   807 | D        | Killed Josephine
   807 | D        | Received a gift from Trog
   913 | D        | Reached skill level 17 in Maces & Flails
   913 | D        | Received a gift from Trog
   934 | D        | Received a gift from Trog
  1076 | D        | Noticed an orc knight
  1088 | D        | Noticed an orc knight
  1091 | D        | Mangled by an orc knight

Illustrated notes

Levels and vault maps discovered:
D:        linesprint [early_d, line_temple, items_1, d_10, items_2, lair_1,
          lair_end, items_3, orc_1, orc_end, items_4, d_15, swamp_1, shoals_1,
          snake_1, spider_1, d_20, vaults_1, items_5, swamp_end, shoals_end,
          snake_end, spider_end, vaults_end, d_27, items_6, zot_1, zot_end,
          crypt_end, forest_end, elf_end, slime_end, tomb_end, abyss_end,
          pan_hell_end]

Skill      XL: |  1  2  3  4  5  6  7  8  9 10 11 |
---------------+----------------------------------+-----
Maces & Flails | 4 6 9 11 12 14 15 17 | 17.2
Fighting       | 4 5 7 8 10 11 12 13 | 13.3
Dodging        | 3 4 5 6 7 8 9 10 11 | 11.9
Stealth        | 1 |  1.5
Evocations     | |  0.5

Action                   |  1- 3 |  4- 6 |  7- 9 | 10-12 || total
-------------------------+-------+-------+-------+-------++-------
Melee: Mace              |    19 |     4 |       |       ||    23
       Dire flail        |       |    14 |    42 |    17 ||    73
       Giant spiked club |       |       |       |    94 ||    94
Invok: Berserk           |     1 |     1 |     2 |     6 ||    10
       Brothers in Arms  |       |       |       |     1 ||     1
Evoke: Wand              |       |       |     1 |       ||     1
Armor: Animal skin       |     5 |     3 |    11 |     8 ||    27
Dodge: Dodged            |     6 |     7 |    11 |    49 ||    73

Table legend: (Time is in decaauts)
 A = Elapsed time spent in this place.
 B = Non-inter-level travel time spent in this place.
 C = Inter-level travel time spent in this place.
 D = Time resting spent in this place.
 E = Time spent auto-exploring this place.
 F = Levels seen in this place.
 G = Mean time per level.
                   A        B        C        D        E       F      G
               +--------+--------+--------+--------+--------+-----+--------+
         Total |   1178 |   1178 |      0 |    545 |    122 |   1 | 1178.0 |
       Dungeon |   1178 |   1178 |      0 |    545 |    122 |   1 | 1178.0 |
               +--------+--------+--------+--------+--------+-----+--------+

Top non-repeatable levels by time:
       D: 1178 daAuts
